Cogmind - Beta 13 @@@ ROGUE MODE // 2024.04.09 @ 23:35:41 Player: Biasface Result: Destroyed by S-43 Plague with Heavy Machine Gun Performance ------------- Evolutions (8) 4000 Regions Visited (12) 2400 Robots Destroyed (126) 630 Value Destroyed (3048) 3048 Prototype IDs (13) 260 Alien Tech Used (0) 0 Bonus (154) 154 TOTAL SCORE: 10492 Bonus ------- High Alert Combat Kills 154 Cogmind --------- Core Integrity 0/1450 Matter 174/300 Energy 100/100 System Corruption 0% Temperature Cool (0) Movement Core (50) Location -2/Research Parts ------- > --- POWER (2) -------- (None) > --- PROPULSION (7) --- (None) > --- UTILITY (12) ----- Enhanced Optical Array > --- WEAPON (2) ------- (None) > --- INVENTORY (5) ---- Light Particle Reactor Improved Cooling System Experimental Field Recycling Unit (0) Peak State ------------ > --- POWER ------------ Micro Fission Core Light Particle Reactor > --- PROPULSION ------- Improved VTOL Module Improved VTOL Module Improved VTOL Module Improved VTOL Module Nuclear Pulse Array > --- UTILITY ---------- Improved Cooling System Machine Analyzer Enhanced Optical Array Advanced Sensor Array Advanced Signal Interpreter Advanced Transmission Jammer Reaction Control System Advanced Reaction Control System Layered Light Armor Plating System Shield > --- WEAPON ----------- Chainsword > --- INVENTORY -------- Micro Fission Core Advanced ECM Suite Experimental Thermal Shield Experimental Field Recycling Unit Mini Grenade Launcher [Rating: 94] Favorites ----------- Power Light Nuclear Core Engine Light Ion Engine Power Core Light Nuclear Core Reactor Light Particle Reactor Propulsion Light Treads Treads Light Treads Leg Carbon-fiber Leg Flight Unit Improved VTOL Module Utility Large Storage Unit Device Structural Scanner Storage Large Storage Unit Processor Visual Processing Unit Hackware System Shield Protection Light Armor Plating Weapon Advanced Beam Cannon Energy Gun Shock Rifle Energy Cannon Advanced Beam Cannon Ballistic Gun Autogun Ballistic Cannon Hardcell Cannon Launcher Mini Grenade Launcher Impact Weapon Power Maul Slashing Weapon Chainsword Piercing Weapon Spear Build | -11 -10 -10 -9 -8 -7 -6 -5 -4 -4 -4 -3 -2 ------- Run | Yrd Mat Min Mat Mat Fac Fac Fac Fac Upp Upp Res Res Slots Evolved 16 | . . . 2 2 2 2 2 2 . . 2 2 Power 1 | . . . . . . 1 . . . . . . Propulsion 5 | . . . 1 . 1 . 1 1 . . . 1 Utility 10 | . . . 1 2 1 1 1 1 . . 2 1 Weapon . | . . . . . . . . . . . . . Parts Attached 133 | 7 6 6 46 29 12 3 6 6 2 . 6 4 Power 19 | 1 1 2 5 5 1 . 1 1 . . 2 . Engine 9 | 1 1 2 2 2 1 . . . . . . . Core 9 | . . . 3 3 . . 1 1 . . 1 . Reactor 1 | . . . . . . . . . . . 1 . Propulsion 27 | 2 2 1 13 3 4 . 1 1 . . . . Treads 18 | 2 2 1 12 1 . . . . . . . . Leg 2 | . . . . 2 . . . . . . . . Wheel . | . . . . . . . . . . . . . Hover . | . . . . . . . . . . . . . Flight 7 | . . . 1 . 4 . 1 1 . . . . Utility 41 | 2 1 1 7 9 4 3 2 4 2 . 4 2 Device 21 | 1 . 1 . 4 2 2 . 3 2 . 4 2 Storage 2 | 1 1 . . . . . . . . . . . Processor 7 | . . . 1 3 1 1 1 . . . . . Hackware 2 | . . . . . 1 . 1 . . . . . Protection 9 | . . . 6 2 . . . 1 . . . . Artifact . | . . . . . . . . . . . . . Weapon 46 | 2 2 2 21 12 3 . 2 . . . . 2 Energy Gun 9 | . . . 9 . . . . . . . . . Energy Cannon 3 | . 2 1 . . . . . . . . . . Ballistic Gun 18 | 2 . . 8 8 . . . . . . . . Ballistic Cannon 1 | . . . . . . . . . . . . 1 Launcher 12 | . . 1 4 4 1 . 1 . . . . 1 Special Weapon . | . . . . . . . . . . . . . Impact Weapon 1 | . . . . . 1 . . . . . . . Slashing Weapon 1 | . . . . . . . 1 . . . . . Piercing Weapon 1 | . . . . . 1 . . . . . . . Special Melee Weapon . | . . . . . . . . . . . . . Unidentified Prototypes 6 | . 1 . 2 . . . . . . . . 3 Parts Lost 42 | . . 1 7 10 1 . . . 1 . 3 19 Power 7 | . . . 3 2 . . . . . . . 2 Propulsion 9 | . . . . 4 . . . . . . . 5 Utility 21 | . . 1 2 3 1 . . . 1 . 3 10 Weapon 5 | . . . 2 1 . . . . . . . 2 Highest Loss Streak 16 | . . 1 5 4 1 . . . 1 . 3 16 To Critical Strikes . | . . . . . . . . . . . . . Average Slot Usage (%) 94 | . 100 99 99 91 83 86 87 89 89 89 88 53 Engine 6 | . 14 14 5 2 7 6 5 2 . . . . Core 4 | . . . 5 5 . . 4 7 10 10 8 5 Treads 19 | . 28 28 32 8 . . . . . . . . Leg 3 | . . . . 15 . . . . . . . . Flight 4 | . . . . . 28 26 23 26 26 26 23 14 Device 10 | . 14 13 1 8 22 26 20 15 18 21 26 12 Storage 9 | . 14 14 11 9 . . . . . . . . Processor 9 | . . . 10 16 9 13 15 15 15 15 14 11 Hackware 1 | . . . . . 6 6 7 10 7 5 4 2 Protection 5 | . . . 8 8 4 . . 5 5 5 4 2 Energy Gun 3 | . . . 11 . . . . . . . . . Energy Cannon 5 | . 14 27 . . . . . . . . . . Ballistic Gun 9 | . 13 . 9 17 . . . . . . . . Naked Turns . | . . . . . . . . . . . . . Heaviest Build 39 | 15 32 32 36 39 12 12 18 21 22 22 35 25 Greatest Support 66 | 40 40 40 66 66 20 20 28 33 33 33 33 33 Greatest Overweight (x) 8 | 4 . . 1 2 . . 1 . . . 1 8 Average Overweight (x) . | . . . . . . . . . . . . . Largest Inventory Capacity 15 | 8 15 15 15 15 15 5 5 5 5 5 5 5 Average Capacity 12 | 7 14 15 15 15 5 5 5 5 5 5 5 5 Most Carried 15 | 4 15 15 15 15 15 5 5 5 5 4 5 5 Average Carried 11 | 2 12 14 14 13 4 4 4 4 4 4 3 3 Final Capacity 15 | 8 15 15 15 15 5 5 5 5 5 5 5 5 Final Carried 15 | 4 15 14 9 15 5 5 5 5 4 4 5 3 Class Distribution -------------------- 57% | Mutant 22% | Scavenger-Mutant 11% | Infiltrator-Ninja Dominant Class ---------------- Mutant | -10/Materials Mutant | -10/Mines Mutant | -9/Materials Scavenger-Mutant | -8/Materials Infiltrator-Scout | -7/Factory Infiltrator-Ninja | -6/Factory Infiltrator-Ninja | -5/Factory Hacker-Ninja | -4/Factory Ninja | -4/Upper Caves Ninja | -4/Upper Caves Infiltrator-Ninja | -3/Research Infiltrator-Ninja | -2/Research Resources | -11 -10 -10 -9 -8 -7 -6 -5 -4 -4 -4 -3 -2 ----------- Run | Yrd Mat Min Mat Mat Fac Fac Fac Fac Upp Upp Res Res Matter Collected 2813 | 274 300 75 869 1017 . . 33 33 44 . 168 . Remotely . | . . . . . . . . . . . . . Salvage Created 3972 | 92 554 58 1845 1211 . . 33 33 . . 48 98 Parts 272 | 8 49 8 125 69 . . 3 3 . . 1 6 Haulers Intercepted 9 | . 1 . 5 3 . . . . . . . . Recyclers Shooed 2 | . 1 . . 1 . . . . . . . . Parts Field Recycled . | . . . . . . . . . . . . . Retrieved Matter . | . . . . . . . . . . . . . Parts Self-Destructed . | . . . . . . . . . . . . . Prevented 3 | . . . . . . . . . 3 . . . Kills | -11 -10 -10 -9 -8 -7 -6 -5 -4 -4 -4 -3 -2 ------- Run | Yrd Mat Min Mat Mat Fac Fac Fac Fac Upp Upp Res Res Combat Hostiles Destroyed 87 | . 13 6 37 24 . . . . . . . 7 Guns 53 | . 11 . 26 16 . . . . . . . . Cannons 5 | . 1 3 1 . . . . . . . . . AOE 27 | . . 3 9 8 . . . . . . . 7 Classes Destroyed 12 | 1 5 . 5 1 . . . . . . . . Worker 5 | . . . 2 3 . . . . . . . . Builder 4 | . 2 . 1 1 . . . . . . . . Tunneler 5 | 4 . 1 . . . . . . . . . . Hauler 9 | . 1 . 5 3 . . . . . . . . Recycler 3 | . . . 1 2 . . . . . . . . Watcher 13 | . 3 . 5 2 . . 1 1 . . 1 . Swarmer 38 | . 6 6 10 9 . . . . . . . 7 Grunt 32 | . 7 . 15 10 . . . . . . . . Brawler 1 | . . . 1 . . . . . . . . . Duelist 2 | . . . 2 . . . . . . . . . Sentry 13 | . . . 9 4 . . . . . . . . Hunter 1 | . . . . 1 . . . . . . . . Best Kill Streak 8 | 2 5 4 7 8 . . 1 1 . . 1 7 Combat Bots Only 7 | . 3 3 4 4 . . . . . . . 7 Max Kills in Single Turn 5 | 1 2 3 4 5 . . 1 1 . . 1 3 Gunslinging 1 | . 1 . 1 . . . . . . . . . Exploded 3 | . . 2 3 3 . . . . . . . 3 Melee . | . . . . . . . . . . . . . Uniques/NPCs Destroyed . | . . . . . . . . . . . . . Combat | -11 -10 -10 -9 -8 -7 -6 -5 -4 -4 -4 -3 -2 -------- Run | Yrd Mat Min Mat Mat Fac Fac Fac Fac Upp Upp Res Res Hostile Shots Fired 604 | . 57 13 128 139 4 33 . 4 7 . 43 176 Missed 203 | . 16 2 30 29 1 22 . 4 3 . 25 71 Damage Taken 6499 | . 407 109 1543 1481 46 77 . . 92 . 319 2425 Core 1984 | . 93 18 117 176 16 27 . . . . 70 1467 Absorbed by Shields . | . . . . . . . . . . . . . Regen/Repaired (Parts) 90 | . . . 90 . . . . . . . . . Core Remaining (%) 86 | 100 . 55 70 68 97 96 100 . . 100 94 . Volleys Fired 273 | 8 43 5 107 105 . . . . . . . 5 Largest 2 | 2 2 2 2 2 . . . . . . . 1 Hottest 136 | 40 136 136 124 73 . . . . . . . 65 Shots Fired 503 | 16 86 8 199 189 . . . . . . . 5 Gun 454 | 16 72 . 184 182 . . . . . . . . Cannon 29 | . 14 6 8 . . . . . . . . 1 Launcher 20 | . . 2 7 7 . . . . . . . 4 Special . | . . . . . . . . . . . . . Kinetic 358 | 16 72 . 90 179 . . . . . . . 1 Thermal 33 | . 14 6 13 . . . . . . . . . Explosive 20 | . . 2 7 7 . . . . . . . 4 Electromagnetic 92 | . . . 89 3 . . . . . . . . Robot Hit Streak 22 | 5 10 1 19 22 . . . . . . . . Robot Miss Streak 6 | 2 3 2 3 6 . . . . . . . 1 Penetration Max 1 | . . . . 1 . . . . . . . . Secondary Targets 4 | . 1 . 2 1 . . . . . . . . Max Gunslinging Chain 1 | . 1 . 1 1 . . . . . . . . Shots Hit Robots 337 | 12 50 2 140 123 . . 2 2 . . 5 1 Core Hits 188 | 4 24 6 69 65 . . . 1 . . 2 17 Critical Kills 3 | . 1 . . 2 . . . . . . . . Critical Parts Destroyed 4 | . 1 . . 3 . . . . . . . . Critical Strikes 8 | . 2 . 1 5 . . . . . . . . Meltdown 1 | . 1 . . . . . . . . . . . Destroy 6 | . 1 . . 5 . . . . . . . . Corrupt 1 | . . . 1 . . . . . . . . . Melee Attacks 25 | . . . . . . 2 3 7 . . 12 1 Impact . | . . . . . . . . . . . . . Slashing 22 | . . . . . . . 2 7 . . 12 1 Piercing 3 | . . . . . . 2 1 . . . . . Sneak Attacks . | . . . . . . . . . . . . . Combat Hostiles . | . . . . . . . . . . . . . Follow-up Attacks . | . . . . . . . . . . . . . Damage Inflicted 8642 | 157 747 305 3161 2975 . . 115 100 . . 227 855 Guns 5010 | 157 544 . 2175 2134 . . . . . . . . Cannons 322 | . 194 67 61 . . . . . . . . . Explosions 2766 | . . 238 903 829 . . . . . . . 796 Melee 486 | . . . . . . . 115 100 . . 227 44 Ramming 58 | . 9 . 22 12 . . . . . . . 15 Kinetic 3830 | 157 544 . 1012 2117 . . . . . . . . Thermal 652 | . 194 67 391 . . . . . . . . . Explosive 2470 | . . 238 607 829 . . . . . . . 796 Electromagnetic 1146 | . . . 1129 17 . . . . . . . . Impact . | . . . . . . . . . . . . . Slashing 425 | . . . . . . . 54 100 . . 227 44 Piercing 61 | . . . . . . . 61 . . . . . Highest Corruption 11 | . . . 11 3 . . 1 . . . 3 . Average Corruption 2 | . . . 7 2 . . 1 . . . 1 . Corruption Purged . | . . . . . . . . . . . . . Corruption Blocked . | . . . . . . . . . . . . . Effects 36 | . . . 5 26 . . . . . . 5 . Message Errors 8 | . . . 3 5 . . . . . . . . Matter Fused 14 | . . . 1 11 . . . . . . 2 . Heat Flow Errors 3 | . . . . 3 . . . . . . . . Energy Discharges 3 | . . . . 2 . . . . . . 1 . Parts Fused 1 | . . . . 1 . . . . . . . . Data Loss (minor) 5 | . . . . 3 . . . . . . 2 . Misfires 1 | . . . . 1 . . . . . . . . Alerts 1 | . . . 1 . . . . . . . . . Overload Shots . | . . . . . . . . . . . . . Overflow Damage 240 | . . 38 16 56 . . 45 . . . 40 45 Projectiles . | . . . . . . . . . . . . . Explosions 155 | . . 38 16 56 . . . . . . . 45 Melee 85 | . . . . . . . 45 . . . 40 . Knockbacks . | . . . . . . . . . . . . . Impact . | . . . . . . . . . . . . . Kinetic . | . . . . . . . . . . . . . Secondary . | . . . . . . . . . . . . . Self-Inflicted Damage 212 | . . 18 143 44 . . . . . . . 7 Shots 8 | . . 1 5 2 . . . . . . . . Rammed 6 | . 1 . 4 . . . . . . . . 1 Targets Rammed 12 | . 1 . 4 6 . . . . . . . 1 Kicked 6 | . . . . 6 . . . . . . . . Crushed . | . . . . . . . . . . . . . Highest Temperature 287 | . 262 225 287 221 . 3 . 241 81 . . 14 Average Temperature 74 | . 121 117 67 34 . 3 . 106 36 . . 3 Received Heat Transfer 1332 | . 135 . 540 513 . 18 . . 9 . . 117 Effects 5 | . 1 1 . . . . . 3 . . . . Energy Bleed 2 | . 1 1 . . . . . . . . . . Interference 3 | . . . . . . . . 3 . . . . Siege Activations . | . . . . . . . . . . . . . Robots Corrupted 1 | . . . 1 . . . . . . . . . Combat Hostiles 1 | . . . 1 . . . . . . . . . Parts Fried 5 | . . . 5 . . . . . . . . . Impact Corruptions . | . . . . . . . . . . . . . Robots Melted 1 | . 1 . . . . . . . . . . . Combat Hostiles 1 | . 1 . . . . . . . . . . . Parts Melted 2 | . 2 . . . . . . . . . . . Heat Transferred 1042 | . 333 111 598 . . . . . . . . . Parts Sabotaged . | . . . . . . . . . . . . . Parts Stolen . | . . . . . . . . . . . . . Parts Stripped . | . . . . . . . . . . . . . Power Chain Reactions 5 | . . . 5 . . . . . . . . . Alert | -11 -10 -10 -9 -8 -7 -6 -5 -4 -4 -4 -3 -2 ------- Run | Yrd Mat Min Mat Mat Fac Fac Fac Fac Upp Upp Res Res Peak Influence 596 | 20 329 159 596 487 231 196 125 172 . . 251 374 Initial 211 | . 13 . . 211 168 112 73 60 . . 102 125 Average 221 | 8 86 32 330 328 200 121 94 116 . . 151 196 Maximum Alert Level 2 | . 1 . 2 2 1 . . . . . 1 1 Low Security (%) 45 | 100 87 100 17 . 52 100 100 100 . . 66 69 Level 1 38 | . 12 . 39 87 47 . . . . . 33 30 Level 2 16 | . . . 43 12 . . . . . . . . Level 3 . | . . . . . . . . . . . . . Level 4 . | . . . . . . . . . . . . . Level 5 . | . . . . . . . . . . . . . High Security . | . . . . . . . . . . . . . Max Security . | . . . . . . . . . . . . . Squads Dispatched 21 | . 2 . 6 2 . 1 . 2 . . 4 4 Investigation 13 | . 2 . 4 2 . 1 . 2 . . 2 . Extermination 1 | . . . . . . . . . . . 1 . Reinforcement 6 | . . . 1 . . . . . . . 1 4 Assault 1 | . . . 1 . . . . . . . . . Garrison . | . . . . . . . . . . . . . Intercept . | . . . . . . . . . . . . . Searches Triggered . | . . . . . . . . . . . . . Construction Impeded 1 | . . . . . . . . . . . . 1 Haulers Reinforced . | . . . . . . . . . . . . . Active Scanning Responses . | . . . . . . . . . . . . . Cargo Convoy Interrupts . | . . . . . . . . . . . . . Stealth | -11 -10 -10 -9 -8 -7 -6 -5 -4 -4 -4 -3 -2 --------- Run | Yrd Mat Min Mat Mat Fac Fac Fac Fac Upp Upp Res Res Distress Signals 16 | . 2 . 5 5 . . . . . . 2 2 Communications Jammed 1 | . . . . . . . . . . . 1 . Distress Signals 1 | . . . . . . . . . . . 1 . Times Spotted 217 | . 18 6 49 48 4 8 2 5 7 . 24 46 Peak Tracking Total 16 | . 4 3 5 5 2 4 2 2 5 . 7 16 Tactical Retreats 33 | . 1 . 1 10 1 4 . 2 5 . 4 5 Traps | -11 -10 -10 -9 -8 -7 -6 -5 -4 -4 -4 -3 -2 ------- Run | Yrd Mat Min Mat Mat Fac Fac Fac Fac Upp Upp Res Res Traps Triggered 11 | . 1 . 3 2 . 1 2 1 . . 1 . Indirectly . | . . . . . . . . . . . . . Trap Hack Attempts . | . . . . . . . . . . . . . Triggered . | . . . . . . . . . . . . . Disarmed . | . . . . . . . . . . . . . Reprogrammed . | . . . . . . . . . . . . . Reused . | . . . . . . . . . . . . . Traps Extracted . | . . . . . . . . . . . . . Installed . | . . . . . . . . . . . . . Triggered 3 | . . . . . . . . . 3 . . . Machines | -11 -10 -10 -9 -8 -7 -6 -5 -4 -4 -4 -3 -2 ---------- Run | Yrd Mat Min Mat Mat Fac Fac Fac Fac Upp Upp Res Res Machines Disabled 2 | . . 1 1 . . . . . . . . . Max in Single Turn 1 | . . 1 1 . . . . . . . . . Machines Repaired . | . . . . . . . . . . . . . Machines Dismantled . | . . . . . . . . . . . . . Machines Sabotaged . | . . . . . . . . . . . . . Overloaded Fab Kills . | . . . . . . . . . . . . . Hacking | -11 -10 -10 -9 -8 -7 -6 -5 -4 -4 -4 -3 -2 --------- Run | Yrd Mat Min Mat Mat Fac Fac Fac Fac Upp Upp Res Res Machines Accessed 50 | . 9 . 14 7 5 4 1 3 1 . 5 1 Terminals 35 | . 6 . 9 5 4 3 1 2 . . 4 1 Fabricators . | . . . . . . . . . . . . . Repair Stations 4 | . 1 . 2 . 1 . . . . . . . Recycling Units 5 | . 2 . 1 2 . . . . . . . . Scanalyzers 3 | . . . 2 . . 1 . . . . . . Garrison Access 2 | . . . . . . . . 1 . . 1 . Total Hacks 127 | . 27 . 37 19 8 9 4 9 1 . 12 1 Successful 65 | . 17 . 21 10 4 6 1 1 1 . 4 . Failed 61 | . 9 . 16 9 4 3 3 8 . . 8 1 Catastrophic 15 | . . . 3 5 1 2 . 2 . . 2 . Database Lockouts 1 | . 1 . . . . . . . . . . . Manual 59 | . 15 . 8 14 4 2 4 5 . . 6 1 Terminals 90 | . 20 . 18 16 7 7 4 6 . . 11 1 Fabricators . | . . . . . . . . . . . . . Repair Stations 14 | . 3 . 10 . 1 . . . . . . . Recycling Units 9 | . 4 . 2 3 . . . . . . . . Scanalyzers 9 | . . . 7 . . 2 . . . . . . Garrison Access 4 | . . . . . . . . 3 . . 1 . Terminal Hacks 37 | . 9 . 7 7 3 4 1 1 1 . 4 . Record 11 | . 2 . 3 1 . 2 . 1 . . 2 . Robot Analysis 2 | . 2 . . . . . . . . . . . Prototype ID Bank 4 | . 2 . 1 1 . . . . . . . . Open Door 1 | . . . . . . . . . 1 . . . Level Access Points 3 | . . . . 1 . 1 1 . . . . . Branch Access Points 2 | . . . . 1 1 . . . . . . . Alert Level 2 | . . . . 1 1 . . . . . . . Unreport Threat 3 | . . . 1 1 . 1 . . . . . . Locate Traps 6 | . 1 . 1 1 1 . . . . . 2 . Hauler Manifests 2 | . 1 . 1 . . . . . . . . . Zone Layout 1 | . 1 . . . . . . . . . . . Fabricator Hacks . | . . . . . . . . . . . . . Repair Station Hacks 9 | . 2 . 7 . . . . . . . . . Scan Component 6 | . 2 . 4 . . . . . . . . . Repair 3 | . . . 3 . . . . . . . . . Recycling Unit Hacks 7 | . 4 . 1 2 . . . . . . . . Process 1 | . 1 . . . . . . . . . . . Retrieve Matter 1 | . 1 . . . . . . . . . . . Retrieve Components 5 | . 2 . 1 2 . . . . . . . . Scanalyzer 8 | . . . 6 . . 2 . . . . . . Insert Component 4 | . . . 3 . . 1 . . . . . . Analyze 4 | . . . 3 . . 1 . . . . . . Garrison Access Hacks . | . . . . . . . . . . . . . Unauthorized Hacks 4 | . 2 . . 1 1 . . . . . . . Terminals 4 | . 2 . . 1 1 . . . . . . . Track 1 | . 1 . . . . . . . . . . . Botnet 3 | . 1 . . 1 1 . . . . . . . Fabricators . | . . . . . . . . . . . . . Repair Stations . | . . . . . . . . . . . . . Recycling Units . | . . . . . . . . . . . . . Scanalyzers . | . . . . . . . . . . . . . Garrison Access . | . . . . . . . . . . . . . Data Cores Recovered . | . . . . . . . . . . . . . Used . | . . . . . . . . . . . . . Hacking Detections 40 | . 7 . 13 4 5 2 1 2 . . 5 1 Full Trace Events 12 | . 4 . 3 2 . . . 1 . . 2 . Feedback Events . | . . . . . . . . . . . . . Feedback Blocked . | . . . . . . . . . . . . . Robot Schematics Acquired . | . . . . . . . . . . . . . Robots Built . | . . . . . . . . . . . . . Authchips . | . . . . . . . . . . . . . Time . | . . . . . . . . . . . . . Total Robot Build Rating . | . . . . . . . . . . . . . Part Schematics Acquired 4 | . . . 3 . . 1 . . . . . . Parts Built . | . . . . . . . . . . . . . Authchips . | . . . . . . . . . . . . . Time . | . . . . . . . . . . . . . Total Part Build Rating . | . . . . . . . . . . . . . Parts Repaired 3 | . . . 3 . . . . . . . . . Time 84 | . . . 84 . . . . . . . . . Parts Recycled . | . . . . . . . . . . . . . Recycled Matter . | . . . . . . . . . . . . . Retrieved Matter 118 | . 118 . . . . . . . . . . . Retrieved Components 43 | . 20 . 10 13 . . . . . . . . Parts Scanalyzed 4 | . . . 3 . . 1 . . . . . . Part Schematics Acquired 4 | . . . 3 . . 1 . . . . . . Parts Damaged . | . . . . . . . . . . . . . Bothacking | -11 -10 -10 -9 -8 -7 -6 -5 -4 -4 -4 -3 -2 ------------ Run | Yrd Mat Min Mat Mat Fac Fac Fac Fac Upp Upp Res Res Used RIF Installer . | . . . . . . . . . . . . . Robots Hacked . | . . . . . . . . . . . . . Non-combat . | . . . . . . . . . . . . . Combat . | . . . . . . . . . . . . . Robot Hacks Applied . | . . . . . . . . . . . . . Relay Couplers Released . | . . . . . . . . . . . . . Fabnet Peak Effective % . | . . . . . . . . . . . . . Robots Rewired . | . . . . . . . . . . . . . Allies Hacked . | . . . . . . . . . . . . . Hacks Repelled . | . . . . . . . . . . . . . Allies | -11 -10 -10 -9 -8 -7 -6 -5 -4 -4 -4 -3 -2 -------- Run | Yrd Mat Min Mat Mat Fac Fac Fac Fac Upp Upp Res Res Total Allies . | . . . . . . . . . . . . . Largest Group . | . . . . . . . . . . . . . Highest-Rated Group . | . . . . . . . . . . . . . Highest-Rated Ally . | . . . . . . . . . . . . . Total Orders . | . . . . . . . . . . . . . Ally Attacks . | . . . . . . . . . . . . . Total Damage . | . . . . . . . . . . . . . Kills . | . . . . . . . . . . . . . Allies Corrupted . | . . . . . . . . . . . . . Allies Melted . | . . . . . . . . . . . . . Intel | -11 -10 -10 -9 -8 -7 -6 -5 -4 -4 -4 -3 -2 ------- Run | Yrd Mat Min Mat Mat Fac Fac Fac Fac Upp Upp Res Res Robot Analysis Total 2 | . 2 . . . . . . . . . . . Derelict Logs Recovered 2 | . . 1 . . . . . . 1 . . . Drone Launches . | . . . . . . . . . . . . . Drone Recoveries . | . . . . . . . . . . . . . Exploration | -11 -10 -10 -9 -8 -7 -6 -5 -4 -4 -4 -3 -2 ------------- Run | Yrd Mat Min Mat Mat Fac Fac Fac Fac Upp Upp Res Res Turns Passed 9928 | 184 1610 905 2995 2180 187 272 139 291 179 8 669 309 Spaces Moved 8989 | 90 857 543 1414 895 552 603 416 966 586 20 1531 516 Core 179 | 17 . . . . . . . . . . . 162 Treads 2947 | 73 857 543 1414 60 . . . . . . . . Legs 835 | . . . . 835 . . . . . . . . Wheels . | . . . . . . . . . . . . . Hover . | . . . . . . . . . . . . . Flight 5028 | . . . . . 552 603 416 966 586 20 1531 354 Fastest Speed 24 | 50 160 160 145 145 26 26 26 24 24 24 24 24 Average Speed 84 | 163 160 160 152 191 26 26 26 24 24 24 24 37 Slowest Speed 450 | 250 160 160 225 260 26 26 99 24 24 24 96 450 Overloaded Moves . | . . . . . . . . . . . . . Propulsion Burnouts . | . . . . . . . . . . . . . Robots Hopped 21 | . . . . . . 2 2 1 . . 15 1 Cave-ins Triggered . | . . . . . . . . . . . . . Exploration Rate (%) 41 | 5 97 95 94 50 22 11 17 17 75 7 33 17 Regions Visited 12 Branch Regions 3 Pre-discovered Areas 2 | . . 1 . . . . . . 1 . . . Known Exits Taken 8 | . . . . 1 1 1 1 1 1 1 1 . Unknown Exits Taken 4 | 1 1 1 1 . . . . . . . . . Scrap Searched 2 | . . 1 . . . . . . 1 . . . Spaces Dug . | . . . . . . . . . . . . . Terrain Destroyed 182 | . . 10 96 54 . . . . . . . 22 Melee . | . . . . . . . . . . . . . Projectile 1 | . . . . . . . . . . . . 1 AOE 181 | . . 10 96 54 . . . . . . . 21 Terrain Rammed . | . . . . . . . . . . . . . Walls Destroyed . | . . . . . . . . . . . . . Machines Disabled . | . . . . . . . . . . . . . Actions | -11 -10 -10 -9 -8 -7 -6 -5 -4 -4 -4 -3 -2 --------- Run | Yrd Mat Min Mat Mat Fac Fac Fac Fac Upp Upp Res Res Total 10757 | 108 1014 570 2072 1178 600 711 436 1011 623 22 1790 622 Wait 1183 | . 75 16 434 125 17 104 . 31 36 3 252 90 Move 8934 | 89 856 542 1413 894 551 598 411 961 585 19 1501 514 Hop 20 | . . . . . . 2 2 1 . . 14 1 Pick Up 81 | 4 20 . 32 11 5 1 2 2 . . 3 1 Fast Attach 30 | 7 . . 5 9 3 . 4 . . . 1 1 Attach 36 | . . 1 9 5 8 1 1 2 1 . 3 5 Detach 7 | . . . . 1 1 . 2 . . . 1 2 Swap 69 | . 6 5 32 15 1 2 1 4 1 . 2 . Drop 79 | . 13 1 36 7 14 1 4 1 . . 1 1 Fire 273 | 8 43 5 107 105 . . . . . . . 5 Melee 25 | . . . . . . 2 3 7 . . 12 1 Ram 1 | . . . . . . . . . . . . 1 Kick 6 | . . . . 6 . . . . . . . . Crush 5 | . 1 . 4 . . . . . . . . . Escape Stasis 8 | . . . . . . . 6 2 . . . . Rewire . | . . . . . . . . . . . . . Trap . | . . . . . . . . . . . . . Miscellaneous . | . . . . . . . . . . . . . Route ------- -11/Scrapyard -10/Materials (discovered 4 exits: *Mat x3 / [*Min]) -10/Mines (discovered 2 exits: *Mat x2) -9/Materials (discovered 6 exits: *Mat x3 / [*Min] / [*Sto x2]) -8/Materials (discovered 3 exits: *Fac x3) -7/Factory (discovered 3 exits: *Fac / *Low x2) -6/Factory (discovered 4 exits: *Fac x4) -5/Factory (discovered 4 exits: *Fac x4) -4/Factory (discovered 2 exits: *Upp x2) -4/Upper Caves -4/Upper Caves -3/Research -2/Research History --------- Turn | Location | Event 31 | -11/Scrapyard | Discovered new exit (range 16) 185 | -11/Scrapyard | Entered Materials 312 | -10/Materials | Build established: Mutant 673 | -10/Materials | Discovered new exit (range 15) 682 | -10/Materials | Central database locked down 1015 | -10/Materials | Discovered new exit (range 10) 1307 | -10/Materials | Discovered new exit (range 10) 1553 | -10/Materials | Discovered new exit (range 7) 1795 | -10/Materials | Entered Mines 2308 | -10/Mines | Discovered new exit (range 7) 2652 | -10/Mines | Discovered new exit (range 12) 2700 | -10/Mines | Entered Materials 2700 | -9/Materials | Evolved 2 slots: Propulsion x1, Utility x1 3357 | -9/Materials | Build established: Scavenger-Mutant 3419 | -9/Materials | Discovered new exit (range 18) 3548 | -9/Materials | Discovered new exit (range 18) 3777 | -9/Materials | Discovered new exit (range 13) 4147 | -9/Materials | Discovered new exit (range 18) 4284 | -9/Materials | Repaired Lgt. Armor Plating 4318 | -9/Materials | Repaired Structural Scanner 4462 | -9/Materials | Build established: Mutant 4834 | -9/Materials | Repaired Autogun 5030 | -9/Materials | Discovered new exit (range 4) 5145 | -9/Materials | Discovered new exit (range 13) 5500 | -9/Materials | First assault squad dispatched 5621 | -9/Materials | Lost 5 parts (2p2u1w) 5650 | -9/Materials | System corruption reached 10% 5695 | -9/Materials | Entered another Materials area 5695 | -8/Materials | Evolved 2 slots: Utility x2 5815 | -8/Materials | Lost 4 parts (2n1u1w) 5986 | -8/Materials | Lost 3 parts (1p2u) 6063 | -8/Materials | Identified exit to Factory 6104 | -8/Materials | Build established: Scavenger-Mutant 7243 | -8/Materials | Build established: Mutant 7875 | -8/Materials | Entered Factory 7875 | -7/Factory | Evolved 2 slots: Propulsion x1, Utility x1 7969 | -7/Factory | Discovered new exit (range 9) 7970 | -7/Factory | Identified exit to Lower Caves 8048 | -7/Factory | Discovered new exit (range 15) 8061 | -7/Factory | Identified exit to Factory 8062 | -7/Factory | Entered another Factory area 8062 | -6/Factory | Evolved 2 slots: Power x1, Utility x1 8083 | -6/Factory | Identified exit to Factory 8311 | -6/Factory | Build established: Infiltrator-Ninja 8334 | -6/Factory | Entered another Factory area 8334 | -5/Factory | Evolved 2 slots: Propulsion x1, Utility x1 8396 | -5/Factory | Discovered new exit (range 20) 8436 | -5/Factory | Identified exit to Factory 8473 | -5/Factory | Entered another Factory area 8473 | -4/Factory | Evolved 2 slots: Propulsion x1, Utility x1 8484 | -4/Factory | Discovered new exit (range 16) 8552 | -4/Factory | Identified exit to Upper Caves 8639 | -4/Factory | Discovered exit to Upper Caves (range 14) 8764 | -4/Factory | Entered Upper Caves 8821 | -4/Upper Caves | Attracted the attention of an 0b10 checkpoint 8854 | -4/Upper Caves | Encountered a Warlord checkpoint 8932 | -4/Upper Caves | Discovered new exit (range 8) 8933 | -4/Upper Caves | Identified exit to Upper Caves 8943 | -4/Upper Caves | Entered another Upper Caves area 8950 | -4/Upper Caves | Discovered new exit (range 6) 8951 | -4/Upper Caves | Identified exit to Research 8951 | -4/Upper Caves | Entered Research 8951 | -3/Research | Evolved 2 slots: Utility x2 9048 | -3/Research | Spotted B-86 Titan 9230 | -3/Research | Found Prototype Device 9247 | -3/Research | Spotted B-86 Titan 9513 | -3/Research | Spotted B-86 Titan 9596 | -3/Research | Lost 3 parts (3u) 9606 | -3/Research | Discovered new exit (range 17) 9620 | -3/Research | Identified exit to Research 9620 | -3/Research | Entered another Research area 9620 | -2/Research | Evolved 2 slots: Propulsion x1, Utility x1 9620 | -2/Research | Identified Exp. Thermal Shield 9635 | -2/Research | Found Prototype Processor 9636 | -2/Research | Identified Exp. Target Analyzer 9862 | -2/Research | Destroyed 7 combat bots 9874 | -2/Research | Spotted B-90 Cyclops 9879 | -2/Research | Lost 16 parts (2p5n7u2w) 9900 | -2/Research | Core integrity fell below 50% 9921 | -2/Research | Core integrity fell below 20% 9929 | -2/Research | Destroyed by S-43 Plague with Heavy Machine Gun Last Messages --------------- 09843_ Slug penetrates Wall. 09843_ Imp. VTOL Module destroyed. 09845_ The unstable cave ceiling collapses. 09845_ S-43 Plague destroyed. 09847_ The unstable cave ceiling collapses. 09847_ System Shield destroyed. 09848_ Adv. ECM Suite destroyed. 09850_ The unstable cave ceiling collapses. 09855_ Penetrated by Slug. 09884_ Slammed into U-05 Engineer. 09884_ ALERT: Construction progress impeded, dispatching reinforcements to local area. 09891_ K-01 Serf cleans the Antimatter Diverter. 09894_ Acquired Hardcell Cannon. 09894_ K-01 Serf cleans the Antimatter Diverter. 09895_ Machine Analyzer destroyed. 09897_ Dropped Hardcell Cannon. 09912_ Penetrated by Slug. 09922_ S-43 Plague destroyed. [Achievement: 10k Club] Map ----- +----------------------------------------------------+ | ????????????????????? #???# | | ???????????????????????? #???# | | ????????????????????????????# #???# | | ????????????????????????????# #???#### ## | | ????????????????????????????# =%#### ###??????# #? | | ????????????????????????????# #??# #????????# #? | | ??????????????#############?# #?## ##???????# #? | | ??????????????# ?# #?# ######### ## | | ??????????????# ] # #?# + | | ??????????????# = # #?# ### ## | | ??????????????# " ####"#### #? | | ??????????????# # ## + #? | | ??????????????# ! # ## ####/## #? | | ??????????????#############?# ## #?????# #? | | ??????????????????+ # k##!!! #?????/ +? | | ??????????????????# + # !! ! #?????# #? | | ??????????????????+ * # s##!! #?????? #? | | ??????????????????# ??# s ####+####?????? #? | | ??????????????????######????# #??? ?????????? #? | | ???????????????????????###### #??? ?????????? #? | | ??????????????# # +???"?????????? ? | | ??????????????# + #??????????????##? | | ??????????????#! """" #ss #????????????????? | | ??????????????????""???# #????????????????? | | ???????????????????????# #????????????????? | | ???????????????????????# @ +????????????????? | | ???????????????????????# ######????????????????? | | ???????????????????????# #?????????????????????? | | ???????????????????????# #?????????????????????? | | ???????????????????????# #?????????????????????? | | ??????????????????????? +?????????????????????? | | ??????????????????????? #?????????????????????? | | ?????????????????????? #?????????????????????? | | ?????????????????????? #?????????????????????? | | ????????????????????? #?????????????????????? | | ????????????????????? h #?????????????????????? | | ????????????????????? #?????????????????????? | | ????????????????????? #?????????????????????? | | ???????????????????? ??????????????????????? | | ????????????????????? ??????????????????????? | | ??????????????????????? ??????????????????????? | | ?????????????????????????????????????????????????? | | ?????????????????????????????????????????????????? | | ?????????????????????????????????????????????????? | | ?????????????????????????????????????????????????? | | ?????????????????????????????????????????????????? | | ?????????????????????????????????????????????????? | | ?????????????????????????????????????????????????? | | ?????????????????????????????????????????????????? | | ?????????????????????????????????????????????????? | +----------------------------------------------------+ Best States ------------- Heat Dissipation 73 Energy Generation 33 Energy Capacity 275 Matter Stores 300 Matter Capacity 300 Sight Range 22 Robot Scan Range 16 Terrain Scan Density 10 ECM Strength 2 Jamming Range 16 Cloak Strength 3 Armor Coverage 150 Evasion (%) 77 Targeting Accuracy 8 Recoil Reduction 3 Offensive Hacking 10 Defensive Hacking 10 Item Schematics ----------------- Imp. Flight Unit | -9/Materials | Scanalyzed Structural Scanner | -9/Materials | Scanalyzed Imp. VTOL Module | -9/Materials | Scanalyzed Xenon Bombardment Thruster | -6/Factory | Scanalyzed Robot Schematics ------------------ None Fabricated ------------ Nothing Alien Tech Used ----------------- None Achievements -------------- 10k Club Can't Catch Me Dangerous Findings Deadly Force Dodgeball, But With Guns No Signal Please Form A Line Power Corrupts Serviceable Loadout Significant Disruption True Hacker Challenges ------------ None Game ------ Seed FlakDisruptionLoader Manual? 0 Play Time 01:59:04 Cumulative 6.7 hours Start 2024.04.09 @ 21:39:10 End 2024.04.09 @ 23:35:41 Sessions 1 Manual Loads 0 Difficulty Rogue Special Mode None Game No. 7 Rogue 7 Adventurer 0 Explorer 0 Win Type - Total 0 Types 0/0/0/0/0/0/0/0/0 Lore% 16 Gallery% 13 Achievement% 15 Wizard Run 0 Options --------- Layout 1 ASCII 0 Keyboard 0 Movement Arrows Keybinds 0 Fullscreen 1 Font 24/Smallcaps Map View 50x35 Zoom Use 0% Tactical HUD 1 Map Filters NONE Filters NONE Steam 1 RUN: 3c88a1a8-9072-4e36-be5f-5630476c767e